General information
- name: BNet
- type: Ladder team game (AT/RT)
- host: Battle.net
- saver: VELOX_NEB
map: RiceFields
- players: 6
- length: 48:34
- speed: Fast
- version: 1.21 W3XP
- replay type: Public
» download(259 KB)
Players
team 1 (loser)
Kyl.e (
teal | 67 APM | 379 actions | 05:38)
1 Keeper of the Grove
1 Entangling Roots
» actions
| Assign group hotkey | 5 | |
| Basic commands | 6 | |
| Build / train | 18 | |
| Enter build submenu | 9 | |
| Enter hero's abilities submenu | 1 | |
| Right click | 160 | |
| Select / deselect | 83 | |
| Select group hotkey | 73 | |
| Use ability | 24 | |
379 total
» units
» upgrades
» buildings
| Altar of Elders | 1 | |
| Moon Well | 4 | |
| Hunter's Hall | 1 | |
| Ancient of War | 2 | |
8 total
» build order
00:06 Altar of Elders
00:11 Moon Well
01:39 Hunter's Hall
01:55 Ancient of War
02:13 Ancient of War
02:24 Moon Well
03:37 Moon Well
05:27 Moon Well
TeeeeKs (
purple | 108 APM | 5213 actions | 48:04)
7 Death Knight
3 Death Coil
3 Unholy Aura
1 Animate Dead
7 Lich
3 Frost Nova
3 Frost Armor
1 Death and Decay
6 Crypt Lord
3 Impale
2 Spiked Carapace
1 Locust Swarm
» actions
| Assign group hotkey | 53 | |
| Basic commands | 461 | |
| Build / train | 93 | |
| Enter build submenu | 26 | |
| Enter hero's abilities submenu | 21 | |
| Give item / drop item | 8 | |
| Remove unit from queue | 1 | |
| Right click | 1677 | |
| Select / deselect | 513 | |
| Select group hotkey | 2197 | |
| Use ability | 163 | |
5213 total
» units
| Acolyte | 4 | |
| Ghoul | 2 | |
| Crypt Fiend | 15 | |
| Obsidian Statue | 3 | |
| Frost Wyrm | 5 | |
29 total
» upgrades
| Creature Attack | 3 | |
| Creature Carapace | 3 | |
| Web | 1 | |
| Destroyer Form | 1 | |
| Freezing Breath | 1 | |
9 total
» buildings
| Graveyard | 1 | |
| Crypt | 2 | |
| Altar of Darkness | 1 | |
| Ziggurat | 9 | |
| Tomb of Relics | 2 | |
| Nerubian Tower | 2 | |
| Halls of the Dead | 2 | |
| Black Citadel | 1 | |
| Slaughterhouse | 1 | |
| Sacrificial Pit | 1 | |
| Boneyard | 4 | |
| Spirit Tower | 6 | |
| Necropolis | 1 | |
33 total
» build order
00:07 Graveyard
00:10 Crypt
00:24 Altar of Darkness
00:26 Ziggurat
00:32 Crypt
00:51 Ziggurat
00:59 Tomb of Relics
01:13 Ziggurat
02:21 Nerubian Tower
03:04 Halls of the Dead
03:38 Ziggurat
04:18 Ziggurat
04:34 Ziggurat
05:28 Black Citadel
06:44 Slaughterhouse
07:41 Sacrificial Pit
08:32 Boneyard
09:07 Boneyard
09:27 Ziggurat
09:32 Ziggurat
10:33 Ziggurat
11:47 Spirit Tower
11:48 Spirit Tower
11:51 Spirit Tower
11:53 Spirit Tower
12:58 Spirit Tower
13:00 Nerubian Tower
18:19 Boneyard
20:45 Spirit Tower
20:49 Boneyard
21:12 Tomb of Relics
28:56 Necropolis
» items
| Rod of Necromancy | 4 | |
| Dust of Appearance | 1 | |
| Potion of Healing | 4 | |
| Scroll of Town Portal | 3 | |
| Potion of Mana | 2 | |
| Orb of Corruption | 1 | |
15 total
TMAC (
orange | 47 APM | 2291 actions | 48:26)
2 Demon Hunter
1 Mana Burn
1 Evasion
» actions
| Assign group hotkey | 34 | |
| Basic commands | 4 | |
| Build / train | 141 | |
| Enter build submenu | 59 | |
| Enter hero's abilities submenu | 3 | |
| Give item / drop item | 1 | |
| Remove unit from queue | 23 | |
| Right click | 1039 | |
| Select / deselect | 448 | |
| Select group hotkey | 418 | |
| Use ability | 121 | |
2291 total
» units
| Wisp | 73 | |
| Glaive Thrower | 12 | |
| Huntress | 1 | |
| Archer | 15 | |
101 total
» upgrades
| Moon Armor | 3 | |
| Vorpal Blades | 2 | |
| Strength of the Moon | 4 | |
| Improved Bows | 1 | |
10 total
» buildings
| Altar of Elders | 2 | |
| Moon Well | 16 | |
| Ancient of Wonders | 2 | |
| Tree of Life | 16 | |
| Tree of Ages | 2 | |
| Tree of Eternity | 2 | |
| Ancient of War | 8 | |
| Hunter's Hall | 1 | |
| Ancient Protector | 7 | |
| Ancient of Lore | 1 | |
57 total
» build order
00:24 Altar of Elders
00:29 Moon Well
03:51 Ancient of Wonders
05:51 Tree of Life
06:33 Moon Well
07:06 Tree of Ages
07:42 Moon Well
09:12 Tree of Life
11:49 Tree of Life
12:14 Tree of Eternity
14:46 Ancient of War
14:47 Ancient of War
15:45 Ancient of War
15:47 Ancient of War
15:51 Hunter's Hall
16:57 Moon Well
17:05 Moon Well
17:47 Tree of Life
17:52 Moon Well
18:03 Moon Well
18:58 Ancient Protector
19:06 Ancient Protector
19:13 Ancient Protector
19:19 Ancient Protector
20:25 Tree of Life
20:35 Ancient Protector
23:38 Tree of Life
24:36 Ancient of War
24:40 Ancient of War
24:53 Tree of Life
25:43 Tree of Life
26:58 Ancient Protector
27:46 Moon Well
27:52 Moon Well
30:16 Tree of Ages
30:20 Tree of Life
30:39 Ancient of War
30:43 Ancient of War
30:48 Moon Well
30:51 Moon Well
31:02 Moon Well
31:14 Tree of Life
32:16 Ancient of Wonders
33:26 Altar of Elders
34:08 Ancient Protector
35:41 Tree of Eternity
36:20 Tree of Life
36:42 Tree of Life
36:47 Tree of Life
37:16 Ancient of Lore
38:33 Moon Well
38:47 Moon Well
38:50 Moon Well
38:54 Moon Well
39:31 Tree of Life
40:01 Tree of Life
40:06 Tree of Life
» items
| Scroll of Town Portal | 3 | |
| Potion of Healing | 1 | |
| Moonstone | 1 | |
| Orb of Venom | 1 | |
| Anti-magic Potion | 1 | |
7 total
team 2 (winner)
fineX (
blue | 53 APM | 2580 actions | 48:26)
7 Demon Hunter
3 Mana Burn
3 Evasion
1 Metamorphosis
» actions
| Assign group hotkey | 136 | |
| Basic commands | 2 | |
| Build / train | 108 | |
| Enter build submenu | 28 | |
| Enter hero's abilities submenu | 7 | |
| Give item / drop item | 9 | |
| Remove unit from queue | 4 | |
| Right click | 1032 | |
| Select / deselect | 331 | |
| Select group hotkey | 809 | |
| Use ability | 112 | |
2580 total
» units
» upgrades
| Strength of the Wild | 3 | |
| Reinforced Hides | 3 | |
| Ultravision | 1 | |
| Well Spring | 1 | |
| Corrosive Breath | 1 | |
| Nature's Blessing | 1 | |
10 total
» buildings
| Altar of Elders | 1 | |
| Moon Well | 8 | |
| Tree of Ages | 1 | |
| Hunter's Hall | 1 | |
| Ancient of Wind | 1 | |
| Tree of Eternity | 1 | |
| Ancient of Wonders | 1 | |
| Chimaera Roost | 2 | |
| Tree of Life | 10 | |
26 total
» build order
00:05 Altar of Elders
00:07 Moon Well
02:22 Moon Well
03:12 Moon Well
04:40 Tree of Ages
05:14 Moon Well
06:16 Hunter's Hall
07:08 Ancient of Wind
07:58 Tree of Eternity
08:02 Ancient of Wonders
10:24 Chimaera Roost
10:25 Chimaera Roost
10:30 Tree of Life
11:52 Moon Well
12:58 Moon Well
13:58 Moon Well
14:59 Moon Well
18:46 Tree of Life
18:51 Tree of Life
22:10 Tree of Life
24:56 Tree of Life
25:43 Tree of Life
30:10 Tree of Life
31:17 Tree of Life
42:43 Tree of Life
44:24 Tree of Life
» items
| Orb of Lightning | 1 | |
| Orb of Venom | 1 | |
| Scroll of Town Portal | 4 | |
| Potion of Healing | 1 | |
| Potion of Mana | 1 | |
| Anti-magic Potion | 3 | |
11 total
GOKUMaN69 (
yellow | 50 APM | 2444 actions | 48:26)
5 Archmage
3 Blizzard
2 Brilliance Aura
4 Blood Mage
2 Flame Strike
2 Siphon Mana
» actions
| Assign group hotkey | 3 | |
| Basic commands | 1 | |
| Build / train | 154 | |
| Enter build submenu | 156 | |
| Enter hero's abilities submenu | 9 | |
| Remove unit from queue | 6 | |
| Right click | 1055 | |
| Select / deselect | 771 | |
| Use ability | 289 | |
2444 total
» units
| Peasant | 13 | |
| Mortar Team | 13 | |
| Sorceress | 4 | |
| Priest | 1 | |
31 total
» upgrades
| Masonry | 2 | |
| Magic Sentry | 1 | |
| Sorceress Training | 1 | |
| Armor | 1 | |
| Gunpowder | 1 | |
| Flare | 1 | |
| Lumber Harvesting | 1 | |
8 total
» buildings
| Altar of Kings | 1 | |
| Farm | 7 | |
| Lumber Mill | 1 | |
| Scout Tower | 147 | |
| Guard Tower | 75 | |
| Keep | 1 | |
| Blacksmith | 1 | |
| Arcane Vault | 2 | |
| Arcane Sanctum | 1 | |
| Workshop | 2 | |
| Arcane Tower | 9 | |
| Town Hall | 3 | |
250 total
» build order
00:07 Altar of Kings
00:25 Farm
00:40 Lumber Mill
01:14 Farm
01:32 Scout Tower
01:33 Scout Tower
01:35 Scout Tower
01:44 Scout Tower
01:53 Scout Tower
01:59 Scout Tower
02:02 Scout Tower
02:08 Guard Tower
02:15 Guard Tower
02:15 Guard Tower
02:15 Guard Tower
02:20 Guard Tower
02:20 Guard Tower
02:29 Guard Tower
02:39 Guard Tower
03:04 Guard Tower
03:06 Scout Tower
03:06 Scout Tower
03:07 Scout Tower
03:09 Scout Tower
03:50 Keep
03:51 Scout Tower
03:52 Scout Tower
03:54 Scout Tower
03:55 Scout Tower
04:22 Guard Tower
04:24 Scout Tower
04:26 Blacksmith
04:39 Guard Tower
04:41 Guard Tower
04:48 Guard Tower
04:50 Scout Tower
04:52 Scout Tower
04:52 Guard Tower
04:55 Scout Tower
04:56 Guard Tower
05:17 Arcane Vault
05:37 Guard Tower
05:39 Scout Tower
05:41 Scout Tower
05:56 Scout Tower
05:57 Guard Tower
06:07 Farm
06:11 Farm
06:18 Guard Tower
06:20 Arcane Sanctum
06:32 Scout Tower
06:36 Scout Tower
06:36 Guard Tower
06:58 Workshop
07:06 Scout Tower
07:06 Guard Tower
07:18 Guard Tower
08:29 Farm
08:34 Scout Tower
08:35 Scout Tower
08:51 Scout Tower
09:00 Scout Tower
09:02 Guard Tower
09:05 Guard Tower
10:23 Farm
10:24 Farm
12:52 Scout Tower
12:56 Workshop
13:04 Guard Tower
13:05 Scout Tower
13:38 Scout Tower
13:41 Scout Tower
14:06 Scout Tower
14:08 Scout Tower
14:09 Scout Tower
14:39 Scout Tower
14:40 Guard Tower
14:46 Guard Tower
15:13 Guard Tower
15:18 Scout Tower
16:22 Scout Tower
16:23 Scout Tower
17:05 Scout Tower
17:07 Scout Tower
17:10 Guard Tower
17:11 Scout Tower
17:12 Scout Tower
17:38 Scout Tower
17:39 Scout Tower
17:39 Scout Tower
17:40 Scout Tower
17:41 Scout Tower
17:45 Scout Tower
17:46 Scout Tower
17:50 Guard Tower
17:51 Scout Tower
17:51 Scout Tower
17:53 Scout Tower
17:54 Scout Tower
18:21 Guard Tower
18:26 Scout Tower
18:29 Guard Tower
18:53 Guard Tower
18:56 Scout Tower
18:57 Guard Tower
18:57 Scout Tower
18:59 Scout Tower
19:35 Scout Tower
19:36 Scout Tower
19:38 Scout Tower
19:41 Guard Tower
20:10 Guard Tower
20:29 Scout Tower
20:30 Guard Tower
20:31 Scout Tower
21:31 Guard Tower
22:58 Scout Tower
22:59 Scout Tower
23:00 Scout Tower
23:00 Scout Tower
23:33 Scout Tower
23:34 Scout Tower
23:34 Scout Tower
23:35 Guard Tower
23:49 Guard Tower
24:06 Arcane Vault
24:24 Guard Tower
24:27 Scout Tower
24:28 Scout Tower
24:45 Guard Tower
25:07 Scout Tower
25:08 Guard Tower
25:23 Guard Tower
26:18 Guard Tower
26:19 Scout Tower
26:21 Scout Tower
26:32 Scout Tower
26:33 Guard Tower
26:50 Guard Tower
27:04 Scout Tower
27:05 Scout Tower
27:05 Scout Tower
28:08 Scout Tower
28:08 Scout Tower
28:09 Scout Tower
28:10 Scout Tower
28:10 Scout Tower
29:01 Guard Tower
29:48 Scout Tower
29:48 Scout Tower
29:49 Scout Tower
29:50 Scout Tower
29:51 Scout Tower
29:51 Scout Tower
29:52 Scout Tower
29:53 Scout Tower
29:56 Arcane Tower
29:57 Arcane Tower
29:57 Arcane Tower
30:23 Arcane Tower
30:26 Scout Tower
30:27 Scout Tower
30:44 Guard Tower
30:47 Scout Tower
30:48 Scout Tower
30:49 Scout Tower
31:18 Arcane Tower
31:19 Arcane Tower
31:23 Guard Tower
31:24 Scout Tower
31:25 Scout Tower
31:26 Scout Tower
32:03 Guard Tower
32:10 Scout Tower
32:11 Scout Tower
32:19 Arcane Tower
32:19 Arcane Tower
32:36 Town Hall
32:38 Guard Tower
32:50 Scout Tower
32:51 Scout Tower
32:52 Scout Tower
32:55 Scout Tower
32:57 Scout Tower
32:58 Scout Tower
33:02 Guard Tower
33:03 Scout Tower
33:21 Guard Tower
33:23 Scout Tower
33:25 Scout Tower
33:30 Guard Tower
33:32 Scout Tower
33:34 Scout Tower
33:35 Scout Tower
33:45 Scout Tower
33:46 Guard Tower
34:08 Scout Tower
34:09 Guard Tower
34:10 Scout Tower
34:40 Guard Tower
34:41 Scout Tower
34:43 Scout Tower
35:50 Scout Tower
35:51 Guard Tower
36:17 Scout Tower
36:18 Guard Tower
38:38 Scout Tower
38:39 Guard Tower
40:15 Scout Tower
40:16 Scout Tower
40:17 Scout Tower
40:24 Scout Tower
40:25 Scout Tower
40:26 Scout Tower
40:34 Guard Tower
40:49 Guard Tower
40:51 Scout Tower
40:52 Scout Tower
40:52 Guard Tower
41:09 Scout Tower
41:10 Scout Tower
41:33 Guard Tower
41:36 Scout Tower
41:37 Scout Tower
41:38 Scout Tower
43:15 Guard Tower
43:24 Guard Tower
43:26 Scout Tower
43:27 Scout Tower
43:28 Scout Tower
43:58 Guard Tower
44:01 Town Hall
44:03 Scout Tower
44:03 Scout Tower
44:07 Scout Tower
44:08 Scout Tower
44:36 Guard Tower
44:37 Scout Tower
44:38 Guard Tower
44:40 Scout Tower
44:50 Guard Tower
44:53 Scout Tower
44:54 Guard Tower
44:56 Scout Tower
45:20 Guard Tower
45:53 Guard Tower
46:02 Guard Tower
46:02 Guard Tower
47:01 Town Hall
» items
| Healing Salve | 1 | |
| Scroll of Regeneration | 1 | |
| Scroll of Town Portal | 4 | |
6 total
VELOX_NEB (
pink | 65 APM | 3163 actions | 48:34)
6 Blademaster
3 Wind Walk
2 Critical Strike
1 Bladestorm
» actions
| Assign group hotkey | 27 | |
| Basic commands | 173 | |
| Build / train | 95 | |
| ESC pressed | 6 | |
| Enter build submenu | 27 | |
| Enter hero's abilities submenu | 6 | |
| Give item / drop item | 6 | |
| Right click | 1756 | |
| Select / deselect | 428 | |
| Select group hotkey | 397 | |
| Use ability | 242 | |
3163 total
» units
» upgrades
| Ranged Weapons | 2 | |
| Liquid Fire | 1 | |
| Reinforced Defenses | 1 | |
| Armor | 2 | |
6 total
» buildings
| Altar of Storms | 1 | |
| War Mill | 1 | |
| Orc Burrow | 4 | |
| Watch Tower | 26 | |
| Stronghold | 1 | |
| Beastiary | 2 | |
| Voodoo Lounge | 1 | |
| Fortress | 1 | |
| Great Hall | 1 | |
38 total
» build order
00:08 Altar of Storms
00:16 War Mill
00:22 Orc Burrow
01:31 Watch Tower
02:03 Watch Tower
02:36 Watch Tower
02:40 Watch Tower
03:15 Stronghold
03:41 Watch Tower
03:43 Watch Tower
03:47 Orc Burrow
04:09 Watch Tower
04:31 Watch Tower
04:50 Watch Tower
04:52 Watch Tower
04:54 Watch Tower
04:56 Watch Tower
05:37 Beastiary
05:38 Watch Tower
05:41 Watch Tower
06:07 Voodoo Lounge
06:13 Fortress
06:17 Beastiary
06:57 Watch Tower
07:07 Orc Burrow
08:23 Watch Tower
08:29 Watch Tower
09:27 Orc Burrow
17:12 Great Hall
20:20 Watch Tower
20:21 Watch Tower
20:23 Watch Tower
20:24 Watch Tower
20:25 Watch Tower
20:26 Watch Tower
20:28 Watch Tower
20:29 Watch Tower
20:30 Watch Tower
» items
| Healing Salve | 1 | |
| Lesser Clarity Potion | 1 | |
| Scroll of Speed | 2 | |
| Potion of Healing | 1 | |
| Claws of Attack +15 | 2 | |
| Gloves of Haste | 1 | |
| Orb of Frost | 1 | |
9 total
Chat log
(01:01 / All) fineX: hi
(01:04 / All) Kyl.e: :D
(01:09 / All) VELOX_NEB: you guys like anime?
(01:10 / All) GOKUMaN69: d:
(01:21 / All) fineX: p:
(01:23 / All) GOKUMaN69: YOU GUIYS GOOD?
(01:27 / All) Kyl.e: no
(01:35 / All) fineX: im trying to get wins for dota
(02:20 / Allies) VELOX_NEB: right now?
(05:51 / All) GOKUMaN69: gg
(06:04 / All) fineX: y he leave
(07:22 / All) fineX: y he leave??
(12:43 / All) fineX: NIGHGERS SPICS
(12:53 / All) fineX: JEWS W/O SHOES
(33:08 / Allies) GOKUMaN69: how you guys doin?
(35:44 / Allies) VELOX_NEB: k
(41:49 / All) fineX: how r u guys lvl 43 yet so terrible
(41:51 / All) TeeeeKs: ur l
(44:29 / All) GOKUMaN69: you cant win
(44:32 / All) TeeeeKs: u guys lucky he dropped
(44:32 / All) GOKUMaN69: get out
(44:34 / All) GOKUMaN69: owned
(44:39 / All) TeeeeKs: stfu
(44:40 / All) fineX: u guys suck
(44:42 / All) GOKUMaN69: 1v1?
(44:42 / All) fineX: srsly
(44:46 / All) TeeeeKs: i was gonna leave but now i wont
(44:48 / All) VELOX_NEB: blown
(44:54 / All) TeeeeKs: i got all day
(45:01 / All) fineX: u guys got owned by a lvl 7
(45:02 / All) VELOX_NEB: classy bro
(45:04 / All) fineX: how do u feel
(45:09 / All) VELOX_NEB: ty for showing just how noob you are
(45:27 / All) TeeeeKs: stfu massin tower gay noob
(45:29 / All) GOKUMaN69: get out
(45:32 / All) VELOX_NEB: lol
(45:33 / All) fineX: you got beat
(45:35 / All) fineX: by a lvl 8
(45:36 / All) VELOX_NEB: lvl 43
(45:37 / All) fineX: if were noob
(45:39 / All) GOKUMaN69: you like ranked 1
(45:40 / All) fineX: what does that make u
(45:41 / All) GOKUMaN69: and got owned
(45:42 / All) VELOX_NEB: wtf, do you hack or something?
(45:45 / All) TeeeeKs: coz one of us dropped
(45:54 / All) VELOX_NEB: we still would've beat you
(46:00 / All) VELOX_NEB: you're substandard
(46:02 / All) TeeeeKs: lol
(46:12 / All) fineX: do you guys have like 23489 games\|
(46:17 / All) fineX: cuz how do u get so much levels
(46:19 / All) fineX: but so bad
(48:12 / All) VELOX_NEB: later nooblets
(48:21 / All) VELOX_NEB: it's been real
(48:26 / All) VELOX_NEB: real pathetic